AoeStats
← Flint

Arena

510282368Analyzed
2v2 RM · 6h ago on Sep 30, 2026· 41m 37s· 4 players
Game mode
Random Map
Map size
Medium (4 player)
Population
200
Speed
Normal
Resources
Standard
Victory
Conquest
Starting age
Dark Age
Ending age
Imperial Age
RankedLock teamsTeams togetherTeam positionsShared explorationLock speedFull tech treeHidden civsTurbo modeCheats
Victory
Defeat
🇮🇳 Turks · India
725
+15
🇪🇸 Saxons · Spain
681
+18
🇦🇺 Celts · Australia
718
-17
🇦🇺 Bohemians · Australia
691
-16
Flint
12:49 Feudal Age
14:37 Horse Collar
19:04 Castle Age
22:06 Double-Bit Axe
22:23 Heavy Plow
25:39 Wheelbarrow
25:04 Gold Mining
27:01 Hand Cart
31:43 Imperial Age
31:04 Forging
30:54 Scale Mail Armor
31:00 Scale Barding Armor
30:45 Fletching
30:55 Padded Archer Armor
31:33 Caravan
31:44 Stone Mining
32:38 Iron Casting
33:14 Bow Saw
33:38 Crop Rotation
34:52 Ballistics
35:33 Chemistry
34:53 Chain Mail Armor
34:59 Chain Barding Armor
34:35 Bodkin Arrow
34:55 Leather Archer Armor
35:46 Two-Man Saw
35:02 Shield Wall
35:55 Squires
35:40 Gambesons
35:41 Arson
35:34 Capped Ram
35:51 Elite Hearth Troop
38:04 Plate Mail Armor
37:55 Leather Archer Armor
37:11 Elite Varangian Guard
38:21 Onager
42:32 Conscription
bela29318
8:14 Loom
11:53 Feudal Age
13:16 Double-Bit Axe
13:33 Horse Collar
16:18 Castle Age
15:56 Wheelbarrow
19:35 Bow Saw
19:57 Heavy Plow
21:16 Gold Mining
21:43 Stone Mining
22:57 Hand Cart
26:48 Gold Shaft Mining
27:48 Treadmill Crane
29:41 Forging
29:21 Fletching
29:34 Padded Archer Armor
31:11 Bodkin Arrow
31:32 Leather Archer Armor
35:10 Imperial Age
33:47 Ballistics
37:04 Two-Man Saw
36:07 Bracer
36:38 Ring Archer Armor
37:22 Conscription
38:31 Artillery
39:08 Hoardings
39:39 Capped Ram
40:34 Elite Janissary
Nandos412
1:40 Loom
13:08 Feudal Age
14:24 Wheelbarrow
13:40 Double-Bit Axe
14:12 Horse Collar
15:13 Town Watch
15:52 Gold Mining
20:34 Castle Age
18:50 Stone Mining
19:31 Fletching
21:52 Hand Cart
23:03 Heavy Plow
24:41 Bow Saw
27:38 Gold Shaft Mining
30:05 Murder Holes
31:01 Fortified Wall
32:21 Stone Shaft Mining
32:05 Masonry
32:41 Bodkin Arrow
33:24 Husbandry
34:07 Ballistics
34:54 Town Patrol
36:11 Forging
36:43 Scale Barding Armor
37:52 Iron Casting
41:05 Imperial Age
41:16 Stronghold
42:28 Hoardings
mitts_gray
0:52 Loom
10:58 Feudal Age
12:43 Double-Bit Axe
18:16 Wheelbarrow
21:03 Castle Age
22:14 Scale Mail Armor
24:00 Pikeman
26:29 Horse Collar
28:39 Chemistry
28:08 Heavy Plow
32:52 Padded Archer Armor
32:44 Fletching
37:11 Imperial Age
35:47 Murder Holes
37:42 Leather Archer Armor
37:34 Bodkin Arrow
Connection lost

Rejoining the realm…

Still unreachable

The connection could not be restored.

Session expired

The server has moved on; the page needs a fresh start.